 Dungeon Crawl Stone Soup version 0.31-a0-705-ga145531891 (webtiles) character file.

Game seed: 18015826735078493362

307 randomguy2701 the Chopper (level 6, 0/53 HPs)
             Began as a Hill Orc Fighter on Sept 10, 2023.
             Succumbed to a scorpion's poison
             ... on level 4 of the Dungeon.
             The game lasted 00:01:43 (2356 turns).

randomguy2701 the Chopper (Hill Orc Fighter)        Turns: 2356, Time: 00:01:44

Health: 0/53       AC:  7    Str: 19    XL:     6   Next: 40%
Magic:  6/6        EV:  9    Int:  8    God:
Gold:   152        SH:  5    Dex: 12    Spells: 5/5 levels left

rFire   . . .        a - +0 war axe
rCold   . . .        c - +0 buckler
rNeg    . . .        b - +0 scale mail
rPois   .            (no helmet)
rElec   .            (no cloak)
rCorr   .            (no gloves)
SInv    .            (no boots)
Will    .....        (no amulet) Stlth
                     j - ring of flight
HPRegen 0.28/turn    (no ring)
MPRegen 0.10/turn

%: no passive effects
@: lethally poisoned (0 -> -23), attractive, flying
A: no striking features
a: no special abilities


You were on level 4 of the Dungeon.
You visited 1 branch of the dungeon, and saw 4 of its levels.

You collected 152 gold pieces.

Inventory:

Hand Weapons
 a - a +0 war axe (weapon)
Armour
 b - a +0 scale mail (worn)
 c - a +0 buckler (worn)
Jewellery
 j - a ring of flight (left hand)
 o - an amulet of regeneration
Scrolls
 e - 2 scrolls of revelation {unknown}
 g - 2 scrolls of identify {unknown}
 i - a scroll of immolation {unknown}
 n - a scroll of enchant weapon {unknown}
Potions
 d - a potion of might
 f - a potion of berserk rage {unknown}
 h - a potion of curing {unknown}
 k - a potion of invisibility
 l - a potion of attraction
 m - a potion of cancellation


   Skills:
 + Level 4.6 Fighting
 + Level 5.7 Axes
 + Level 4.7 Armour
 + Level 1.5 Dodging
 + Level 3.9 Shields


You had 5 spell levels left.
You didn't know any spells.
Your spell library contained the following spells:

 Spells                   Type           Power      Damage    Failure   Level
 Freeze                   Ice            0%         1d3       83%         1
 Dazzling Flash           Conj/Hex       0%         N/A       99%         3
 Frozen Ramparts          Ice            0%         1d1       99%         3
 Hailstorm                Conj/Ice       0%         3d3       99%         3
 Agony                    Necr           0%         N/A       100%        5
 Silence                  Hex/Air        0%         N/A       100%        5


Dungeon Overview and Level Annotations

Branches:
Dungeon (4/15)
 Temple: D:4-7

Altars:
Hepliaklqana
Makhleb
Qazlal
The Shining One


Message History

Unknown command.
You miss the adder.
The adder is heavily wounded.
You closely miss the scorpion.
You feel sick. You block the adder's attack. The scorpion stings you.
You are more poisoned.
The scorpion poisons you!
Unknown command.
You closely miss the adder.
The adder is moderately wounded.
You hit the scorpion.
You feel very sick. The adder bites you but does no damage.
The scorpion stings you.
You are lethally poisoned!
The scorpion poisons you! You block the adder's attack.
The scorpion completely misses you.
You are too injured to fight recklessly!
Unknown command.
You are too injured to fight recklessly!
Unknown command.
You are too injured to fight recklessly!
Unknown command.
It was a potion of invisibility.
You fade into invisibility!
You feel very sick. The adder bites you but does no damage.
The scorpion stings you.
* * * LOW HITPOINT WARNING * * *
You are more poisoned.
The scorpion poisons you!
It was a potion of attraction.
You feel attractive to monsters.
* * * LOW HITPOINT WARNING * * *
You feel very sick. The adder completely misses you.
The scorpion barely misses you. The adder barely misses you.
It was a potion of cancellation.
Your magical effects are unravelling.
You feel magically purged.
You flicker back into view.
You die...

#.#...###### .###
#.###......#
....###.########.#
#...............#
#...........#####
#...........#
#...........#
##...........#
......S@.....#
...##.s)†....# .#.
##.......# .
#.......#
..#.##### #.. .#
... .# ###. .#


You could see a scorpion and an adder.

Vanquished Creatures
  A black bear (D:3)
  2 vampire bats (D:3)
  4 gnolls (D:3)
  2 adders
  An ufetubus (D:3)
  A worm (D:3)
  2 dart slugs
  An orc (D:3)
  3 endoplasms
  3 giant cockroaches
  5 goblins
  5 hobgoblins
  8 jackals (D:1)
  4 kobolds
  A quokka (D:1)
  6 ball pythons
  14 bats
  2 frilled lizards (D:1)
  3 rats
68 creatures vanquished.

Notes
Turn   | Place    | Note
-------+----------+-------------------------------------------
     0 | D:1      | randomguy2701 the Hill Orc Fighter began the quest for the
                  | Orb.
     0 | D:1      | Reached XP level 1. HP: 19/19 MP: 1/1
    70 | D:1      | Reached XP level 2. HP: 27/27 MP: 2/2
   302 | D:1      | Reached skill level 3 in Axes
   306 | D:1      | Reached XP level 3. HP: 33/33 MP: 3/3
  1213 | D:3      | Reached skill level 4 in Axes
  1213 | D:3      | Reached XP level 4. HP: 40/40 MP: 4/4
  1224 | D:3      | Reached XP level 5. HP: 46/47 MP: 5/5
  1387 | D:3      | Reached skill level 5 in Axes
  1393 | D:3      | Reached skill level 1 in Dodging
  1495 | D:3      | Found a faded altar of an unknown god.
  1571 | D:3      | Noticed a black bear
  1578 | D:3      | Killed a black bear
  1579 | D:3      | Reached XP level 6. HP: 43/53 MP: 6/6
  1748 | D:3      | Found a hazy altar of Hepliaklqana.
  1986 | D:3      | Found a glowing golden altar of the Shining One.
  1989 | D:3      | Found a burning altar of Makhleb.
  1992 | D:3      | Found a stormy altar of Qazlal.
  2356 | D:4      | Succumbed to a scorpion's poison

Illustrated notes

Levels and vault maps discovered:
D:1:      giann_horns, layout_basic
D:2:      layout_basic, minmay_goblin_outpost
D:3:      layout_basic, lemuel_coloured_pillars_altar,
          grunt_temple_overflow_diamond, serial_curves, eino_curves_02,
          eino_curves_02, eino_curves_04, eino_curves_02,
          dreamdust_ecumenical_altar_hidden_monk_grotto, roderic_batcave
D:4:      layout_basic, marbit_many_paths, mainiacjoe_overflow_cross_hatched,
          minmay_starry_boxes, uniq_robin

Skill      XL: |  1  2  3  4  5 |
---------------+----------------+-----
Fighting       | 4 |  4.6
Axes           | 3 4 5 |  5.7
Armour         | 4 |  4.7
Dodging        | 1 |  1.5
Shields        | |  3.9

Action                     |  1- 3 |  4- 6 || total
---------------------------+-------+-------++-------
  Melee: War axe           |    94 |    66 ||   160
    Use: Potion            |       |     3 ||     3
 Armour: Scale mail        |    90 |    82 ||   172
  Dodge: Dodged            |    64 |    48 ||   112
  Block: Buckler           |    34 |    31 ||    65

Table legend: (Time is in decaauts)
 A = Elapsed time spent in this place.
 B = Non-inter-level travel time spent in this place.
 C = Inter-level travel time spent in this place.
 D = Time resting spent in this place.
 E = Time spent auto-exploring this place.
 F = Levels seen in this place.
 G = Mean time per level.
                   A        B        C        D        E       F      G
               +--------+--------+--------+--------+--------+-----+--------+
         Total |   2408 |   2289 |    119 |      0 |   1916 |   4 |  602.0 |
       Dungeon |   2408 |   2289 |    119 |      0 |   1916 |   4 |  602.0 |
               +--------+--------+--------+--------+--------+-----+--------+

Top non-repeatable levels by time:
     D:3: 1097 daAuts
     D:1: 798 daAuts
     D:2: 425 daAuts
     D:4: 87 daAuts
